 Dungeon Crawl Stone Soup version 0.21-a0-352-g5b8f553 (webtiles) character file.

326 tidbits the Thaumaturge (level 6, -4/44 HPs)
             Began as a Gnoll Wanderer on Oct 10, 2017.
             Was an Initiate of Cheibriados.
             Slain by a killer bee zombie (7 damage)
             ... on level 6 of the Dungeon.
             The game lasted 00:10:04 (1032 turns).

tidbits the Thaumaturge (Gnoll Wanderer)            Turns: 1032, Time: 00:10:05

Health: -4/44      AC:  2    Str: 12 (13) XL:     6   Next: 49%
Magic:  16/18      EV: 18    Int: 21 (23) God:    Cheibriados [......]
Gold:   144        SH:  5    Dex: 20 (22) Spells: 13/24 levels left

rFire    . . .     SeeInvis .   e - +0 dagger
rCold    . . .     Gourm    .   c - +0 buckler
rNeg     . . .     Faith    .   d - +0 robe
rPois    .         Spirit   .   (no helmet)
rElec    .         Reflect  .   (no cloak)
rCorr    .         Harm     .   (no gloves)
MR       .....                  (no boots)
Stlth    +++.......             (no amulet)
HPRegen  0.14/turn              (no ring)
MPRegen  0.16/turn              (no ring)

@: brilliant, agile, very slow
A: distributed training, fangs 1, strong nose
a: Bend Time, Renounce Religion


You were on level 6 of the Dungeon.
You worshipped Cheibriados.
Cheibriados was noncommittal.
You were not hungry.

You visited 2 branches of the dungeon, and saw 7 of its levels.

You collected 144 gold pieces.

Inventory:

Hand Weapons
 e - a +0 dagger (weapon)
 v - a +0 short sword
Missiles
 u - 16 arrows
Armour
 c - a +0 buckler (worn)
 d - a +0 robe (worn)
 i - a +0 ring mail
Wands
 w - a wand of iceblast (0/15)
Scrolls
 h - a scroll of teleportation {unknown}
 j - a scroll of fear {unknown}
 k - 2 scrolls of recharging {unknown}
 m - 6 scrolls of identify {unknown}
 n - a scroll of noise {unknown}
 o - 4 scrolls of immolation {unknown}
Potions
 z - a potion of might {unknown}
Books
 a - a book of Minor Magic

   Spells                             Type                      Level
   a - Magic Dart                     Conjuration                  1
   b - Blink                          Translocation                2
   c - Call Imp                       Summoning                    2
   d - Slow                           Hexes                        2
   e - Conjure Flame                  Conjuration/Fire             3
   f - Mephitic Cloud                 Conjuration/Poison/Air       3
 b - the Volume of the Birds

   Spells                             Type                      Level
   a - Shock                          Conjuration/Air              1
   b - Static Discharge               Conjuration/Air              3
Comestibles
 f - 3 bread rations
 g - 3 royal jellies
 l - 4 fruits
 p - 2 meat rations
 x - a chunk of flesh


   Skills:
 + Level 2.0 Fighting
 + Level 2.0 Short Blades
 + Level 2.0 Long Blades
 + Level 2.0 Axes
 + Level 2.0 Maces & Flails
 + Level 2.0 Polearms
 + Level 2.0 Staves
 + Level 2.0 Slings
 + Level 2.0 Bows
 + Level 2.0 Crossbows
 + Level 3.2 Throwing
 + Level 2.0 Armour
 + Level 2.0 Dodging
 + Level 2.0 Stealth
 + Level 3.2 Shields
 + Level 2.0 Unarmed Combat
 + Level 9.5 Spellcasting
 + Level 3.2 Conjurations
 + Level 2.0 Hexes
 + Level 2.0 Charms
 + Level 3.2 Summonings
 + Level 2.0 Necromancy
 + Level 2.0 Translocations
 + Level 2.0 Transmutations
 + Level 2.0 Fire Magic
 + Level 2.0 Ice Magic
 + Level 2.0 Air Magic
 + Level 5.0 Earth Magic
 + Level 2.0 Poison Magic
 + Level 2.0 Invocations
 + Level 2.0 Evocations


You had 13 spell levels left.
You knew the following spells:

 Your Spells              Type           Power        Failure   Level  Hunger
a - Shock                 Conj/Air       ####         1%          1    None
b - Blink                 Tloc           N/A          1%          2    None
c - Static Discharge      Conj/Air       ####....     1%          3    None
i - Call Imp              Summ           #####...     1%          2    None
m - Mephitic Cloud        Conj/Pois/Air  ####....     1%          3    None


Dungeon Overview and Level Annotations

Branches:
Dungeon (6/15)             Temple (1/1) D:5

Altars:
Cheibriados
Fedhas
Okawaru
Ru
Wu Jian
Zin


Innate Abilities, Weirdness & Mutations

Your experience applies equally to all skills.
You have very sharp teeth.
Your uncanny sense of smell can sniff out nearby items.


Message History

The bullfrog is heavily wounded.
The bullfrog seems less confused.
Your white imp gestures at the bullfrog.
The puff of frost hits the bullfrog.
The bullfrog dies!
Cheibriados thoroughly appreciates the change of pace.
Your Fighting skill increases to level 2!
Your Short Blades skill increases to level 2!
Your Long Blades skill increases to level 2!
Your Axes skill increases to level 2!
Your Maces & Flails skill increases to level 2!
Your Polearms skill increases to level 2!
Your Staves skill increases to level 2!
Your Slings skill increases to level 2!
Your Bows skill increases to level 2!
Your Crossbows skill increases to level 2!
Your Armour skill increases to level 2!
Your Dodging skill increases to level 2!
Your Stealth skill increases to level 2!
Your Unarmed Combat skill increases to level 2!
Your Hexes skill increases to level 2!
Your Charms skill increases to level 2!
Your Necromancy skill increases to level 2!
Your Translocations skill increases to level 2!
Your Transmutations skill increases to level 2!
Your Fire Magic skill increases to level 2!
Your Ice Magic skill increases to level 2!
Your Air Magic skill increases to level 2!
Your Earth Magic skill increases to level 5!
Your Poison Magic skill increases to level 2!
Your Invocations skill increases to level 2!
Your Evocations skill increases to level 2!
Unknown command.
You see here a bullfrog corpse.
You butcher the bullfrog corpse.
x - a chunk of flesh You open the door.
A quokka skeleton comes into view.
The quokka skeleton moves out of view.
The quokka skeleton barely misses you.
There is an open door here.
As you open the door, it creaks loudly! The quokka skeleton bites you.
* * * LOW HITPOINT WARNING * * *
The quokka skeleton closely misses your white imp.
Your white imp hits the quokka skeleton.
Your white imp freezes the quokka skeleton.
The quokka skeleton completely resists.
The quokka skeleton bites your white imp.
Your white imp gestures at the quokka skeleton.
The puff of frost hits the quokka skeleton.
The quokka skeleton resists.
The quokka skeleton barely misses your white imp.
Your white imp barely misses the quokka skeleton.
The quokka skeleton bites your white imp.
Your white imp hits the quokka skeleton.
The quokka skeleton is destroyed!
Cheibriados appreciates the change of pace.
z - a silvery potion You swap places.
Your white imp disappears in a puff of smoke!
You open the door.
There is an open door here.
You open the door.
There is an open door here.
You open the door.
There is an open door here.
You open the door.
There is an open door here.
You open the door.
There is an open door here.
A killer bee zombie comes into view.
It was a potion of curing.
You feel better.
The killer bee zombie barely misses you.
The killer bee zombie closely misses you.
The killer bee zombie closely misses you.
The killer bee zombie hits you but does no damage.
The killer bee zombie hits you.
* * * LOW HITPOINT WARNING * * *
The killer bee zombie hits you.
* * * LOW HITPOINT WARNING * * *
The killer bee zombie hits you.
* * * LOW HITPOINT WARNING * * *
The killer bee zombie hits you.
* * * LOW HITPOINT WARNING * * *
Casting: Shock
Confirm with . or Enter, or press ? or * to list all spells.
A beastly little devil appears in a puff of frigid air.
The killer bee zombie hits you.
* * * LOW HITPOINT WARNING * * *
It was a potion of degeneration.
There was something very wrong with that liquid.
You feel weakened.
You feel dopey.
You feel clumsy.
The killer bee zombie closely misses you. x2
It was a potion of agility.
You feel agile all of a sudden.
The killer bee zombie closely misses you. x2
It was a potion of brilliance.
You feel clever all of a sudden.
The killer bee zombie closely misses you.
The killer bee zombie hits you!
You die...

....#.....#..##..###
....#.....'........# .
+.....#........# ..
#######..##...# .#
#...###..########.#####
#....#................#
#....'................#
######...##....##.....#
∆ ######.@Z.##.....#
#......5.........+
#................#
#######..######..# ####
##


You could see a killer bee zombie and a friendly white imp.

Vanquished Creatures
  An orc warrior (D:6)
  A scorpion (D:4)
  Jessica (D:2)
  An iguana (D:5)
  An orc wizard (D:6)
  A worker ant (D:3)
  An adder (D:2)
  3 worms
  2 dart slugs
  4 orcs
  2 bats (D:2)
  3 giant cockroaches
  5 goblins
  8 hobgoblins
  A quokka (D:2)
  2 frilled lizards
  3 kobolds
  5 rats
45 creatures vanquished.

Vanquished Creatures (collateral kills)
  A bullfrog (D:6)
  A quokka skeleton (D:6)
2 creatures vanquished.

Grand Total: 47 creatures vanquished

Notes
Turn   | Place    | Note
-------+----------+-------------------------------------------
     0 | D:1      | Reached skill level 9 in Spellcasting
     0 | D:1      | tidbits the Gnoll Wanderer began the quest for the Orb.
     0 | D:1      | tidbits set off with: a book of Minor Magic, the Volume of the Birds, a +0 buckler, a +0 robe, a +0 dagger, a bread ration
     0 | D:1      | Reached XP level 1. HP: 13/13 MP: 10/10
     0 | D:1      | Identified the Volume of the Birds
     8 | D:1      | Learned a level 1 spell: Shock
   108 | D:1      | Reached XP level 2. HP: 15/19 MP: 9/12
   273 | D:2      | Reached XP level 3. HP: 25/25 MP: 10/13
   364 | D:2      | Noticed Jessica
   376 | D:2      | Killed Jessica
   376 | D:2      | Reached skill level 1 in Fighting
   376 | D:2      | Reached skill level 1 in Short Blades
   376 | D:2      | Reached skill level 1 in Long Blades
   376 | D:2      | Reached skill level 1 in Axes
   376 | D:2      | Reached skill level 1 in Maces & Flails
   376 | D:2      | Reached skill level 1 in Polearms
   376 | D:2      | Reached skill level 1 in Staves
   376 | D:2      | Reached skill level 1 in Slings
   376 | D:2      | Reached skill level 1 in Bows
   376 | D:2      | Reached skill level 1 in Crossbows
   376 | D:2      | Reached skill level 1 in Armour
   376 | D:2      | Reached skill level 1 in Dodging
   376 | D:2      | Reached skill level 1 in Stealth
   376 | D:2      | Reached skill level 1 in Unarmed Combat
   376 | D:2      | Reached skill level 1 in Hexes
   376 | D:2      | Reached skill level 1 in Charms
   376 | D:2      | Reached skill level 1 in Necromancy
   376 | D:2      | Reached skill level 1 in Translocations
   376 | D:2      | Reached skill level 1 in Transmutations
   376 | D:2      | Reached skill level 1 in Fire Magic
   376 | D:2      | Reached skill level 1 in Ice Magic
   376 | D:2      | Reached skill level 1 in Air Magic
   376 | D:2      | Reached skill level 1 in Poison Magic
   376 | D:2      | Reached skill level 1 in Invocations
   376 | D:2      | Reached skill level 1 in Evocations
   376 | D:2      | Reached XP level 4. HP: 32/32 MP: 12/15
   748 | D:4      | Reached skill level 3 in Throwing
   748 | D:4      | Reached skill level 3 in Shields
   748 | D:4      | Reached skill level 3 in Conjurations
   748 | D:4      | Reached skill level 3 in Summonings
   748 | D:4      | Reached XP level 5. HP: 13/37 MP: 9/16
   795 | D:5      | Entered Level 5 of the Dungeon
   795 | D:5      | Found a staircase to the Ecumenical Temple.
   801 | Temple   | Entered the Ecumenical Temple
   810 | Temple   | Became a worshipper of Cheibriados the Contemplative
   837 | D:5      | Learned a level 3 spell: Mephitic Cloud
   840 | D:5      | Learned a level 2 spell: Call Imp
   843 | D:5      | Learned a level 2 spell: Blink
   847 | D:5      | Learned a level 3 spell: Static Discharge
   882 | D:6      | Noticed an orc warrior
   900 | D:6      | Killed an orc warrior
   900 | D:6      | Reached XP level 6. HP: 4/44 MP: 7/18
   940 | D:6      | HP: 1/44 [bullfrog (6)]
   948 | D:6      | Reached skill level 2 in Fighting
   948 | D:6      | Reached skill level 2 in Short Blades
   948 | D:6      | Reached skill level 2 in Long Blades
   948 | D:6      | Reached skill level 2 in Axes
   948 | D:6      | Reached skill level 2 in Maces & Flails
   948 | D:6      | Reached skill level 2 in Polearms
   948 | D:6      | Reached skill level 2 in Staves
   948 | D:6      | Reached skill level 2 in Slings
   948 | D:6      | Reached skill level 2 in Bows
   948 | D:6      | Reached skill level 2 in Crossbows
   948 | D:6      | Reached skill level 2 in Armour
   948 | D:6      | Reached skill level 2 in Dodging
   948 | D:6      | Reached skill level 2 in Stealth
   948 | D:6      | Reached skill level 2 in Unarmed Combat
   948 | D:6      | Reached skill level 2 in Hexes
   948 | D:6      | Reached skill level 2 in Charms
   948 | D:6      | Reached skill level 2 in Necromancy
   948 | D:6      | Reached skill level 2 in Translocations
   948 | D:6      | Reached skill level 2 in Transmutations
   948 | D:6      | Reached skill level 2 in Fire Magic
   948 | D:6      | Reached skill level 2 in Ice Magic
   948 | D:6      | Reached skill level 2 in Air Magic
   948 | D:6      | Reached skill level 5 in Earth Magic
   948 | D:6      | Reached skill level 2 in Poison Magic
   948 | D:6      | Reached skill level 2 in Invocations
   948 | D:6      | Reached skill level 2 in Evocations
   960 | D:6      | HP: 2/44 [quokka skeleton (3)]
  1029 | D:6      | HP: 3/44 [killer bee zombie (2)]
  1032 | D:6      | Slain by a killer bee zombie

Vault maps used:
D:1:      minmay_arrival_open_corners
D:2:      first_bread, uniq_jessica
D:4:      lemuel_blue_sif_altar, bloody_trog, moated_statue
D:5:      minmay_temple_entry_statues_pillars, elyvilon_altar_5, uniq_menkaure,
          uniq_crazy_yiuf_cottage
D:6:      grunt_temple_overflow_champion_of_chaos, nicolae_gozag_seed_capital,
          yredelemnul_altar_generic
Temple:   dshaligram_water_room_temple

Skill      XL: |  1  2  3  4  5  6 |
---------------+-------------------+-----
Spellcasting   | |  9.5
Fighting       | 1 2 |  2.0
Short Blades   | 1 2 |  2.0
Long Blades    | 1 2 |  2.0
Axes           | 1 2 |  2.0
Maces & Flails | 1 2 |  2.0
Polearms       | 1 2 |  2.0
Staves         | 1 2 |  2.0
Slings         | 1 2 |  2.0
Bows           | 1 2 |  2.0
Crossbows      | 1 2 |  2.0
Armour         | 1 2 |  2.0
Dodging        | 1 2 |  2.0
Stealth        | 1 2 |  2.0
Unarmed Combat | 1 2 |  2.0
Hexes          | 1 2 |  2.0
Charms         | 1 2 |  2.0
Necromancy     | 1 2 |  2.0
Translocations | 1 2 |  2.0
Transmutations | 1 2 |  2.0
Fire Magic     | 1 2 |  2.0
Ice Magic      | 1 2 |  2.0
Air Magic      | 1 2 |  2.0
Poison Magic   | 1 2 |  2.0
Invocations    | 1 2 |  2.0
Evocations     | 1 2 |  2.0
Throwing       | 3 |  3.2
Shields        | 3 |  3.2
Conjurations   | 3 |  3.2
Summonings     | 3 |  3.2
Earth Magic    | 5 |  5.0

Action                   |  1- 3 |  4- 6 || total
-------------------------+-------+-------++-------
Melee: Dagger            |    27 |    21 ||    48
       Bite              |     2 |     5 ||     7
 Cast: Shock             |    33 |    42 ||    75
       Mephitic Cloud    |       |     3 ||     3
       Call Imp          |       |     2 ||     2
Evoke: Wand              |       |     3 ||     3
  Use: Potion            |       |     4 ||     4
 Stab: Sleeping          |       |     1 ||     1
       Confused          |       |     1 ||     1
Armor: Robe              |     2 |     5 ||     7
Dodge: Dodged            |    14 |    30 ||    44
Block: Buckler           |     5 |     9 ||    14

Table legend:
 A = Spawn XP
 B = Non-spawn XP
 C = Spawn XP percentage of total XP
 D = Spawn monster count
 E = Non-spawn monster count
 F = Spawn count percentage of total count
 G = Total turns spent on level
                    A         B        C        D         E        F      G
               +---------+---------+-------+---------+---------+-------+---------
         Total |       0 |     466 |   0.0 |       0 |      47 |   0.0 |  1032
               +---------+---------+-------+---------+---------+-------+---------
           D:1 |       0 |      20 |   0.0 |       0 |      12 |   0.0 |   234
           D:2 |       0 |      88 |   0.0 |       0 |      20 |   0.0 |   375
           D:3 |       0 |      45 |   0.0 |       0 |       5 |   0.0 |   116
           D:4 |       0 |      77 |   0.0 |       0 |       2 |   0.0 |    70
           D:5 |       0 |      36 |   0.0 |       0 |       1 |   0.0 |    68
           D:6 |       0 |     200 |   0.0 |       0 |       7 |   0.0 |   150
               +---------+---------+-------+---------+---------+-------+---------

Table legend:
 A = Turns spent in this place as a percentage of turns spent in the entire game.
 B = Non-inter-level travel turns spent in this place as a percentage of non-inter-level travel turns spent in the entire game.
 C = Inter-level travel turns spent in this place as a percentage of turns spent in this place.
 D = Turns resting spent in this place as a percentage of non-inter-level travel turns spent in this place.
 E = Turns spent auto-exploring this place as a percentage of non-inter-level travel turns spent in this place.
 F = Non-inter-level travel turns spent in this place divided by the number of levels of this place that you've seen.
                   A       B       C       D       E      F
               +-------+-------+-------+-------+-------+----------------------
         Total | 100.0 | 100.0 |   0.8 |   0.0 |   0.0 | 146.3
       Dungeon |  98.2 |  98.9 |   0.0 |   0.0 |   0.0 | 168.8
        Temple |   1.8 |   1.1 |  42.1 |   0.0 |   0.0 |  11.0
               +-------+-------+-------+-------+-------+----------------------

Table legend:
 A = Kills in this place as a percentage of kills in entire the game.
 B = Kills by you in this place as a percentage of kills by you in the entire game.
 C = Kills by friends in this place as a percentage of kills by friends in the entire game.
 D = Other kills in this place as a percentage of other kills in the entire game.
 E = Experience gained in this place as a percentage of experience gained in the entire game.
 F = Experience gained in this place divided by the number of levels of this place that you have seen.
                   A       B       C       D       E      F
               +-------+-------+-------+-------+-------+----------------------
         Total | 100.0 | 100.0 | 100.0 | 100.0 | 100.0 |  66.6
       Dungeon | 100.0 | 100.0 | 100.0 | 100.0 | 100.0 |  77.7
               +-------+-------+-------+-------+-------+----------------------

Vault maps used:
D:1:      minmay_arrival_open_corners
D:2:      first_bread, uniq_jessica
D:4:      lemuel_blue_sif_altar, bloody_trog, moated_statue
D:5:      minmay_temple_entry_statues_pillars, elyvilon_altar_5, uniq_menkaure,
          uniq_crazy_yiuf_cottage
D:6:      grunt_temple_overflow_champion_of_chaos, nicolae_gozag_seed_capital,
          yredelemnul_altar_generic
Temple:   dshaligram_water_room_temple
